 Dungeon Crawl Stone Soup version 0.28-a0-1159-g27aa881441 (webtiles) character file.

Game seed: 5922178362974210503

221 kae the Chopper (level 5, -3/45 HPs)
             Began as a Hill Orc Fighter on Dec 15, 2021.
             Slain by a black bear (7 damage)
             ... on level 3 of the Dungeon.
             The game lasted 00:01:44 (3743 turns).

kae the Chopper (Hill Orc Fighter)                  Turns: 3743, Time: 00:01:45

Health: -3/45      AC: 11    Str: 21    XL:     5   Next: 98%
Magic:  5/5        EV:  9    Int:  8    God:
Gold:   105        SH:  4    Dex: 10    Spells: 4/4 levels left

rFire   . . .      SeeInvis .   a - +0 war axe
rCold   . . .      Faith    .   c - +0 buckler
rNeg    . . .      Spirit   .   b - +1 scale mail
rPois   .          Reflect  .   m - +1 helmet
rElec   .          Harm     .   e - scarf {+Inv}
rCorr   .          Rampage  .   n - +0 pair of gloves
Will    .....                   (no boots)
Stlth   ..........              (no amulet)
HPRegen 0.15/turn               (no ring)
MPRegen 0.09/turn               (no ring)

@: no status effects
A: no striking features
a: Evoke Invisibility


You were on level 3 of the Dungeon.
You visited 1 branch of the dungeon, and saw 4 of its levels.

You collected 105 gold pieces.

Inventory:

Hand Weapons
 a - a +0 war axe (weapon)
Armour
 b - a +1 scale mail (worn)
 c - a +0 buckler (worn)
 e - a scarf of invisibility (worn)
 m - a +1 helmet (worn)
 n - a +0 pair of gloves (worn)
Jewellery
 k - a ring of protection from fire
Scrolls
 j - a scroll of enchant armour
Potions
 d - 2 potions of might
 f - a potion of curing
 g - a potion of invisibility {unknown}
 h - a potion of cancellation {unknown}
 i - 2 potions of mutation {unknown}


   Skills:
 - Level 3.6 Fighting
 + Level 7.5 Axes
 - Level 3.2 Armour
 - Level 4.0 Shields


You had 4 spell levels left.
You didn't know any spells.
Your spell library contained the following spells:

 Spells                   Type           Power      Damage    Failure   Level
 Ensorcelled Hibernation  Hex/Ice        0%         N/A       87%         2
 Spider Form              Tmut/Pois      0%         N/A       98%         3


Dungeon Overview and Level Annotations

Branches:
Dungeon (4/15)
 Temple: D:4-7

Altars:


Message History

The gnoll hits you with a +0 flail.
The black bear bites you but does no damage.
The black bear closely misses you. The black bear barely misses you.
The lemure barely misses you.
You closely miss the lemure.
The lemure is lightly wounded.
You closely miss the hobgoblin. You barely miss the black bear.
You slash the gnoll! The hobgoblin closely misses you. The gnoll misses you.
The black bear bites you. You block the black bear's attack.
The black bear claws you but does no damage.
The lemure hits you but does no damage.
You closely miss the gnoll.
The gnoll is severely wounded.
You barely miss the black bear. You closely miss the hobgoblin.
You barely miss the lemure. You block the hobgoblin's attack.
The gnoll barely misses you.
The black bear bites you but does no damage.
The black bear claws you but does no damage.
The black bear claws you. The lemure hits you.
A lemure comes into view. x2
The hobgoblin hits you but does no damage.
You closely miss the gnoll.
The gnoll is severely wounded.
You slash the lemure! You slash the hobgoblin!
You kill the hobgoblin!
You barely miss the black bear. You closely miss the lemure.
The gnoll hits you with a +0 flail. The black bear bites you.
The black bear closely misses you. You block the black bear's attack.
The lemure hits you. The lemure hits you! The gnoll closely misses you.
The black bear bites you.
* * * LOW HITPOINT WARNING * * *
The black bear closely misses you. x2; The lemure hits you but does no damage.
You climb upwards.
There is a stone staircase leading down here.
Okay, then.
The gnoll hits you with a +0 flail.
* * * LOW HITPOINT WARNING * * *
You see here a +0 whip.
The black bear bites you!
You die...

#...........# #.#######
#...........# #.....#..
###################.#.#
#...###.#.#
#############.#.....#..
#..)........#.#######[.
##..[g.......).#.....#..
#.....55.....###.###.##.
#.....h@.....# #.# #....
#............###.#######
#.............##.....#.#
#...#########.########..
#...# #.# #.. #...# #.#
### #...# #.# #...#
#.########## #...#
#...........


You could see a black bear, 2 lemures and a gnoll.

Vanquished Creatures
  A gnoll sergeant (D:3)
  A bullfrog zombie (D:3)
  An orc wizard (D:2)
  2 gnolls (D:3)
  An adder (D:2)
  2 worms
  4 dart slugs
  3 orcs (D:2)
  3 ball pythons (D:1)
  4 endoplasms
  4 giant cockroaches
  6 goblins
  9 hobgoblins
  4 jackals (D:1)
  2 quokkas (D:1)
  5 bats
  4 kobolds
  3 rats
59 creatures vanquished.

Notes
Turn   | Place    | Note
-------+----------+-------------------------------------------
     0 | D:1      | kae the Hill Orc Fighter began the quest for the Orb.
     0 | D:1      | Reached XP level 1. HP: 19/19 MP: 1/1
    80 | D:1      | Reached skill level 3 in Axes
    85 | D:1      | Reached XP level 2. HP: 19/26 MP: 2/2
   668 | D:1      | Reached XP level 3. HP: 30/31 MP: 3/3
  1082 | D:1      | Reached skill level 4 in Axes
  2050 | D:2      | Reached skill level 5 in Axes
  2050 | D:2      | Reached XP level 4. HP: 19/39 MP: 4/4
  2597 | D:3      | Reached skill level 6 in Axes
  2597 | D:3      | Reached XP level 5. HP: 43/45 MP: 5/5
  3509 | D:4      | Noticed a black bear
  3520 | D:3      | Reached skill level 7 in Axes
  3735 | D:4      | Noticed a lemure
  3735 | D:4      | Noticed a lemure
  3738 | D:4      | Noticed a lemure
  3738 | D:4      | Noticed a lemure
  3743 | D:3      | Slain by a black bear

Illustrated notes

Levels and vault maps discovered:
D:1:      amcnicky_arrival_abandoned_market, layout_rooms,
          serial_co_window_serial, co_window_of_opportunity_a,
          co_window_paths_b, co_window_paths_b, co_window_corner_a,
          co_window_paths_b, co_window_paths_a, co_window_unsneaky_path_a,
          co_window_of_opportunity_c, co_window_corner_ca, co_window_sun,
          glass_columns_a, kennysheep_pointless_box, minmay_strange_pillars
D:2:      layout_rooms, minmay_pentomino_z2
D:3:      layout_basic
D:4:      layout_cave_pools, chequers_temple_overflow_statue_of_worship,
          uniq_pikel

Skill      XL: |  1  2  3  4  5 |
---------------+----------------+-----
Axes           | 3 5 6 7 |  7.5
Shields        | 4 |  4.0
Fighting       | |  3.6
Armour         | |  3.2

Action                   |  1- 3 |  4- 6 || total
-------------------------+-------+-------++-------
Melee: War axe           |   113 |    74 ||   187
  Use: Scroll            |     5 |     1 ||     6
Armor: Scale mail        |    52 |    49 ||   101
Dodge: Dodged            |    44 |    45 ||    89
Block: Buckler           |    22 |    27 ||    49

Table legend: (Time is in decaauts)
 A = Elapsed time spent in this place.
 B = Non-inter-level travel time spent in this place.
 C = Inter-level travel time spent in this place.
 D = Time resting spent in this place.
 E = Time spent auto-exploring this place.
 F = Levels seen in this place.
 G = Mean time per level.
                   A        B        C        D        E       F      G
               +--------+--------+--------+--------+--------+-----+--------+
         Total |   3798 |   3704 |     94 |    818 |   2382 |   4 |  949.5 |
       Dungeon |   3798 |   3704 |     94 |    818 |   2382 |   4 |  949.5 |
               +--------+--------+--------+--------+--------+-----+--------+

Top non-repeatable levels by time:
     D:2: 1372 daAuts
     D:1: 1238 daAuts
     D:3: 1179 daAuts
     D:4: 8 daAuts
